 Dungeon Crawl Stone Soup version 0.21.0-3-g78d12a8 (webtiles) character file.

11489 tilp the Destroyer (level 11, -8/99 HPs)
             Began as a Purple Draconian Conjurer on Jan 14, 2018.
             Was a Believer of Vehumet.
             Mangled by a komodo dragon (26 damage)
             ... on level 2 of the Lair of Beasts on Jan 15, 2018.
             The game lasted 00:43:01 (14062 turns).

tilp the Destroyer (Purple Draconian Conjurer)     Turns: 14062, Time: 00:43:02

Health: -8/99      AC: 13    Str: 10    XL:     11   Next: 50%
Magic:  23/23      EV: 15    Int: 23    God:    Vehumet [**....]
Gold:   1428       SH:  0    Dex: 18    Spells: 15/26 levels left

rFire    . . .     SeeInvis +   O - +4 scimitar (flame)
rCold    . . .     Gourm    .   (no shield)
rNeg     . . .     Faith    .   (armour unavailable)
rPois    .         Spirit   .   G - +1 hat {SInv}
rElec    .         Reflect  .   D - +1 cloak
rCorr    .         Harm     .   t - +2 pair of gloves {Dex+3}
MR       +....                  (no boots)
Stlth    +++.......             n - amulet of regeneration
HPRegen  0.66/turn              x - +3 ring of intelligence
MPRegen  0.18/turn              y - +4 ring of dexterity

@: no status effects
A: breathe power, unfitting armour, cold-blooded, AC +7
a: Breathe Dispelling Energy, Renounce Religion


You were on level 2 of the Lair of Beasts.
You worshipped Vehumet.
Vehumet was pleased with you.
You were not hungry.

You visited 4 branches of the dungeon, and saw 15 of its levels.
You also visited: Ossuary.

You collected 1428 gold pieces.

Inventory:

Hand Weapons
 z - a +2 dagger of electrocution
 N - a +1 whip of electrocution
 O - a +4 scimitar of flaming (weapon)
Missiles
 p - 10 javelins (quivered)
 s - 23 tomahawks
Armour
 t - a +2 pair of gloves of dexterity (worn)
 D - a +1 cloak (worn)
 G - a +1 hat of see invisible (worn)
Jewellery
 l - a cursed -3 ring of protection {unknown}
 n - an amulet of regeneration (around neck)
 x - a +3 ring of intelligence (left hand)
 y - a +4 ring of dexterity (right hand)
 I - an uncursed ring of stealth
Wands
 v - a wand of flame (22)
 A - a wand of digging (10)
 P - a wand of paralysis (15)
Scrolls
 c - 4 scrolls of amnesia
 f - a scroll of torment {unknown}
 g - 4 scrolls of remove curse
 m - 9 scrolls of teleportation
 r - a scroll of silence {unknown}
 u - 3 scrolls of enchant weapon
 E - a scroll of enchant armour
 L - a scroll of immolation
 M - a scroll of fog {unknown}
Potions
 d - a potion of might
 e - 4 potions of mutation
 h - 2 potions of magic
 i - a potion of degeneration {unknown}
 j - 3 potions of curing
 k - a potion of resistance {unknown}
 o - 4 potions of brilliance
 q - 2 potions of heal wounds {unknown}
 w - a potion of haste {unknown}
 B - a potion of invisibility {unknown}
 F - 2 potions of berserk rage {unknown}
 H - 3 potions of lignification {unknown}
 K - a potion of ambrosia {unknown}
Books
 a - a book of Conjurations

   Spells                             Type                      Level
   a - Magic Dart                     Conjuration                  1
   b - Searing Ray                    Conjuration                  2
   c - Dazzling Spray                 Conjuration/Hexes            3
   d - Fulminant Prism                Conjuration/Hexes            4
   e - Force Lance                    Conjuration/Translocation    4
   f - Iskenderun's Mystic Blast      Conjuration                  4
Miscellaneous
 J - a fan of gales (inert)
Comestibles
 b - 15 rations
 C - 6 chunks of flesh


   Skills:
 + Level 9.8 Fighting
 - Level 4.1 Dodging
 - Level 4.0 Stealth
 - Level 8.1 Spellcasting
 + Level 12.9 Conjurations
 - Level 4.3 Evocations


You had 15 spell levels left.
You knew the following spells:

 Your Spells              Type           Power        Failure   Level  Hunger
a - Magic Dart            Conj           ####         1%          1    None
b - Searing Ray           Conj           ######       1%          2    None
c - Iskenderun's Mystic   Conj           ######..     1%          4    ###....
d - Fulminant Prism       Conj/Hex       #####.....   4%          4    ###....


Dungeon Overview and Level Annotations

Branches:
Dungeon (10/15)            Temple (1/1) D:6            Lair (2/6) D:9
  Snake (0/4) Lair:2          Orc (2/2) D:9
  Swamp: Lair:2-4    Shoals: Lair:2-4       Elf: Orc:2

Altars:
Ashenzari
Cheibriados
Dithmenos
Elyvilon
Fedhas
Gozag
Hepliaklqana
Kikubaaqudgha
Makhleb
Nemelex Xobeh
Okawaru
Qazlal
Ru
Sif Muna
Trog
Uskayaw
Vehumet
Wu Jian
Xom
Yredelemnul
Zin
The Shining One


Innate Abilities, Weirdness & Mutations

You can breathe bolts of dispelling energy.
Your rich purple scales are hard. (AC +7)
You cannot fit into any form of body armour.
You are cold-blooded and may be slowed by cold attacks.


Message History

You slash the komodo dragon! You burn the komodo dragon.
The komodo dragon is lightly wounded.
The komodo dragon misses you.
You riposte.
You barely miss the komodo dragon.
The komodo dragon is lightly wounded.
You hit the komodo dragon. You burn the komodo dragon.
The komodo dragon is moderately wounded.
The komodo dragon bites you!!
* * * LOW HITPOINT WARNING * * *
The water moccasin bites you but does no damage.
Unknown command.
You barely miss the komodo dragon.
The komodo dragon is moderately wounded.
The water moccasin misses you.
You riposte.
You hit the water moccasin. You burn the water moccasin.
The water moccasin is lightly wounded.
The komodo dragon bites you!
* * * LOW HITPOINT WARNING * * *
The water moccasin bites you but does no damage.
The komodo dragon bites you!!
You die...

#....#r# .....#.#
P..... #...# . ##..#
≈# .# #P..#≈≈#...
##..#≈≈≈...
#.Sl#≈≈≈≈.P. ##.@.#
..... ...#..
#P...###..... .....
##...?.#...# .P..
#.........# #.P..
#.........# ##.#..
##........# #..#..
##........## #....
#P.........# #....
##....D....#####....


You could see a komodo dragon and a water moccasin.

Vanquished Creatures
  A hydra (Lair:1)
  Erica (D:9)
  A cyclops (Orc:1)
  A spiny frog (Lair:1)
  3 komodo dragons
  A hornet (D:9)
  4 hogs (D:7)
  A wyvern (D:6)
  11 yaks
  A human (D:7)
  A hungry ghost (D:7)
  A naga (Lair:2)
  3 porcupines (Lair:1)
  2 hell hounds (D:9)
  4 water moccasins
  3 sky beasts
  10 orc warriors
  An ice beast (D:8)
  A phantom (D:5)
  3 wolves (Lair:1)
  4 ogres
  4 centaurs
  3 crocodiles (Lair:1)
  5 bullfrogs
  2 big kobolds (D:7)
  A water moccasin zombie (Ossuary)
  2 scorpions
  4 killer bees (D:7)
  4 howler monkeys
  A crimson imp (D:5)
  3 jellies (D:8)
  A bullfrog zombie (Ossuary)
  2 centaur zombies
  4 hounds
  10 orc wizards
  A quasit (D:9)
  6 orc priests
  A gnoll shaman (Orc:2)
  Ijyb (D:4)
  2 centaur skeletons
  5 worker ants
  2 hound zombies
  A hound skeleton (D:8)
  13 mummies (Ossuary)
  A howler monkey zombie (D:9)
  2 worker ant zombies (Ossuary)
  11 gnolls
  7 adders
  2 oozes
  3 adder zombies
  2 adder skeletons
  2 worms
  A dart slug (D:3)
  7 leopard geckos
  42 orcs
  2 giant cockroaches
  4 goblins
  9 hobgoblins
  9 jackals
  4 quokkas
  A ball python (D:4)
  9 bats
  13 frilled lizards
  A goblin zombie (D:8)
  2 jackal skeletons
  2 jackal zombies
  14 kobolds
  2 leopard gecko zombies
  A quokka skeleton (D:7)
  5 quokka zombies
  11 rats
305 creatures vanquished.

Vanquished Creatures (others)
  2 fulminant prisms (Lair:1)
  2 fungi (Lair:1)
  2 plants (Lair:1)
6 creatures vanquished.

Grand Total: 311 creatures vanquished

Notes
Turn   | Place    | Note
-------+----------+-------------------------------------------
     0 | D:1      | tilp the Draconian Conjurer began the quest for the Orb.
     0 | D:1      | Reached XP level 1. HP: 14/14 MP: 3/3
   332 | D:1      | Reached XP level 2. HP: 17/20 MP: 1/5
   371 | D:1      | Learned a level 2 spell: Searing Ray
   884 | D:2      | Found a deep blue altar of Sif Muna.
   888 | D:2      | Reached skill level 5 in Conjurations
   927 | D:2      | Reached XP level 3. HP: 26/26 MP: 6/6
  1150 | D:2      | Found a burning altar of Makhleb.
  1386 | D:2      | Noticed an ogre
  1401 | D:2      | Killed an ogre
  1401 | D:2      | Reached skill level 6 in Conjurations
  1401 | D:2      | Reached XP level 4. HP: 33/33 MP: 2/7
  1894 | D:3      | Reached XP level 5. HP: 32/38 MP: 3/8
  2213 | D:3      | Found a faded altar of an unknown god.
  3168 | D:4      | Reached skill level 7 in Conjurations
  3454 | D:4      | Noticed Ijyb
  3459 | D:4      | Killed Ijyb
  3687 | D:4      | Reached XP level 6. HP: 41/45 MP: 4/9
  3896 | D:5      | Entered Level 5 of the Dungeon
  3908 | D:3      | Found a glowing golden altar of the Shining One.
  4018 | D:5      | Found a hide-covered altar of Uskayaw.
  4175 | D:5      | Found a hazy altar of Hepliaklqana.
  4396 | D:5      | Reached skill level 8 in Conjurations
  4570 | D:5      | Reached skill level 1 in Fighting
  4570 | D:5      | Your scales start taking on a rich purple colour.
  4570 | D:5      | Reached XP level 7. HP: 52/52 MP: 6/11
  4694 | D:5      | Found a glowing golden altar of the Shining One.
  5253 | D:6      | Noticed a wyvern
  5547 | D:6      | Found a staircase to the Ecumenical Temple.
  5635 | D:6      | Reached XP level 8. HP: 61/63 MP: 5/14
  5741 | Temple   | Entered the Ecumenical Temple
  6595 | D:7      | Found a shadowy altar of Dithmenos.
  6798 | D:7      | Found a shimmering altar of Xom.
  6851 | D:7      | Reached skill level 5 in Fighting
  7213 | D:7      | Reached skill level 5 in Spellcasting
  7213 | D:7      | Reached XP level 9. HP: 63/77 MP: 10/16
  7426 | D:7      | Reached skill level 9 in Conjurations
  7771 | D:8      | Found a sand-covered staircase.
  7842 | D:8      | Found a sparkling altar of Nemelex Xobeh.
  7906 | D:8      | Reached skill level 10 in Conjurations
  8004 | Ossuary  | Entered an ossuary
  8087 | Ossuary  | Reached skill level 1 in Evocations
  9029 | D:8      | Found an ornate altar of the Wu Jian Council.
  9047 | D:8      | Reached XP level 10. HP: 86/86 MP: 6/19
  9255 | D:8      | Found a sparkling altar of Nemelex Xobeh.
  9255 | D:8      | Found a radiant altar of Vehumet.
  9258 | D:8      | Became a worshipper of Vehumet
  9660 | D:9      | Noticed Erica
  9666 | D:9      | Paralysed by a hornet for 2 turns
  9809 | D:9      | Killed Erica
  9985 | D:9      | Found a staircase to the Lair.
 10084 | D:9      | Found an opulent altar of Gozag.
 10085 | D:9      | Found a white marble altar of Elyvilon.
 10101 | D:9      | Learned a level 4 spell: Iskenderun's Mystic Blast
 10241 | D:9      | Reached skill level 11 in Conjurations
 10613 | D:9      | Found a sacrificial altar of Ru.
 10669 | D:9      | Found a staircase to the Orcish Mines.
 10884 | D:10     | Entered Level 10 of the Dungeon
 11144 | D:10     | Noticed an unseen horror
 11159 | Orc:1    | Entered Level 1 of the Orcish Mines
 11186 | Orc:1    | Reached skill level 12 in Conjurations
 11285 | Orc:1    | Reached * piety under Vehumet
 11285 | Orc:1    | Offered knowledge of Freeze by Vehumet.
 11469 | Orc:2    | Entered Level 2 of the Orcish Mines
 12213 | Orc:1    | Noticed a cyclops
 12224 | Orc:1    | Killed a cyclops
 12299 | Orc:1    | Reached XP level 11. HP: 81/95 MP: 13/21
 12802 | Lair:1   | Entered Level 1 of the Lair of Beasts
 12882 | Lair:1   | Offered knowledge of Sting by Vehumet.
 12929 | Lair:1   | Noticed an eight-headed hydra
 13036 | Lair:1   | Learned a level 4 spell: Fulminant Prism
 13058 | Lair:1   | Reached ** piety under Vehumet
 13800 | Lair:2   | Found a staircase to the Snake Pit.
 13864 | Lair:1   | Killed a seven-headed hydra
 14045 | Lair:2   | Noticed an eight-headed hydra
 14062 | Lair:2   | Mangled by a komodo dragon

Skill      XL: |  1  2  3  4  5  6  7  8  9 10 11 |
---------------+----------------------------------+-----
Conjurations   | 5 6 7 8 10 12 | 12.9
Fighting       | 1 3 6 7 8 9 |  9.8
Dodging        | 2 3 4 |  4.1
Stealth        | 2 3 4 |  4.0
Spellcasting   | 4 5 6 8 |  8.1
Evocations     | 3 4 |  4.3

Action                   |  1- 3 |  4- 6 |  7- 9 | 10-12 || total
-------------------------+-------+-------+-------+-------++-------
Melee: Hand axe          |    66 |    60 |       |       ||   126
       Tailslap          |     4 |    11 |    20 |    29 ||    64
       War axe           |       |    35 |    79 |       ||   114
       Whip              |       |       |    89 |    13 ||   102
       Scimitar          |       |       |       |   117 ||   117
Throw: Javelin           |     1 |     2 |     4 |     5 ||    12
 Cast: Magic Dart        |    32 |    33 |    32 |    34 ||   131
       Searing Ray       |     2 |    17 |    67 |    55 ||   141
       Iskenderun's Myst |       |       |       |    13 ||    13
       Fulminant Prism   |       |       |       |     2 ||     2
Evoke: Wand              |       |     1 |     7 |       ||     8
       Fan of gales      |       |       |       |     1 ||     1
       Phantom mirror    |       |       |       |     1 ||     1
  Use: Scroll            |       |     5 |    11 |     4 ||    20
       Potion            |       |       |     3 |     3 ||     6
 Stab: Sleeping          |     1 |     2 |     2 |     1 ||     6
  Eat: Chunk             |     2 |    12 |     9 |    10 ||    33
       Ration            |       |       |     2 |     2 ||     4
Armor: Skin              |    38 |    44 |    80 |    95 ||   257
Dodge: Dodged            |    45 |    94 |   171 |   202 ||   512
       Rpst.: Scimitar   |       |       |       |    53 ||    53
